 Dungeon Crawl Stone Soup version 0.31-a0-532-g28f74ba3e5 (webtiles) character file.

Game seed: 7058565630467242884

431620 Pooter the Impregnable (level 22, -32/188 (217) HPs)
             Began as a Minotaur Berserker on Aug 11, 2023.
             Was an Elder of Trog.
             Killed from afar by a Tzitzimitl (42 damage)
             ... with a bolt of negative energy
             ... summoned by a deep elf demonologist
             ... on level 3 of the Elven Halls on Aug 13, 2023.
             The game lasted 05:42:29 (88124 turns).

Pooter the Impregnable (Minotaur Berserker)        Turns: 88124, Time: 05:42:29

HP:   -32/188 (217) AC: 44    Str: 24    XL:     22   Next: 85%
MP:   30/30         EV: 11    Int:  8    God:    Trog [****..]
Gold: 2993          SH:  5    Dex: 15    Spells: 21/21 levels left

rFire   + . .        a - +3 executioner's axe (flame)
rCold   + + .        (shield currently unavailable)
rNeg    . . .        i - +10 crystal plate armour
rPois   +            (helmet unavailable)
rElec   +            (no cloak)
rCorr   .            z - +0 pair of gloves of Ebloav {rF+ rC+ MP+9 Int-2}
SInv    +            R - +2 pair of boots
Will    +++..        g - amulet of Ogyddeo {Reflect rElec rPois SH+5} Stlth
                     Z - +4 ring of slaying
HPRegen 1.51/turn    S - ring of see invisible
MPRegen 0.22/turn

%: reflection
@: about to teleport, strong-willed, regenerating, heavily drained
A: horns 3, retaliatory headbutt, talons 2, clever 1, cold resistance 1, sense
surroundings 1, poison resistance, subdued magic 1
}: 2/15 runes: decaying, serpentine
a: Renounce Religion, Berserk, Trog's Hand, Brothers in Arms


You were on level 3 of the Elven Halls.
You worshipped Trog.
Trog was greatly pleased with you.
You visited 9 branches of the dungeon, and saw 41 of its levels.
You also visited: Trove, Bailey, Gauntlet, Ice Cave and Wizlab.

You collected 6402 gold pieces.
You spent 3409 gold pieces at shops.

Inventory:

Hand Weapons
 a - a +3 executioner's axe of flaming (weapon)
   (You took it off a deep elf death mage on level 4 of the Vaults)
 b - a +3 heavy arbalest
   (You took it off a yaktaur on level 1 of the Vaults)
 H - the +5 battleaxe of the Equinox {antimagic, Fly rF+ SInv Stlth+}
   (Trog gifted it to you on level 4 of the Swamp)

   rF+:       It protects you from fire.
   SInv:      It lets you see invisible.
   Fly:       It grants you flight.
   Stlth+:    It makes you more stealthy.
Missiles
 v - 27 boomerangs (quivered)
 K - 11 curare-tipped darts
 Y - 12 javelins
Armour
 i - a +10 crystal plate armour (worn)
   (You took it off an orc warlord in a bailey)
 z - the +0 pair of gloves of Ebloav (worn) {rF+ rC+ MP+9 Int-2}
   (You found it on level 2 of the Swamp)

   Int-2:     It affects your intelligence (-2).
   rF+:       It protects you from fire.
   rC+:       It protects you from cold.
   MP+9:      It affects your magic capacity (+9).
 R - a +2 pair of boots (worn)
   (You found it on level 5 of the Lair of Beasts)
Jewellery
 e - the amulet of the Air {Inacc Air Fly rElec RMsl}
   (You found it in a Gauntlet)

   [amulet of nothing]

   Inacc:     It reduces the accuracy of your attacks and spells.
   Air:       It enhances your air magic.
   rElec:     It insulates you from electricity.
   Fly:       It grants you flight.
   RMsl:      It protects you from missiles.
 g - the amulet of Ogyddeo (around neck) {Reflect rElec rPois SH+5}
   (You found it on level 3 of the Crypt)

   [amulet of reflection]

   Reflect:   It reflects blocked missile attacks.
   rElec:     It insulates you from electricity.
   rPois:     It protects you from poison SH+5: It affects your SH (+5).
 k - a ring of ice
   (You found it on level 2 of the Dungeon)
 m - an amulet of regeneration
   (You bought it in a shop on level 8 of the Dungeon)
 u - a +6 ring of dexterity
   (You found it on level 14 of the Dungeon)
 C - a ring of resist corrosion
   (You found it on level 1 of the Lair of Beasts)
 F - the ring of Equivalence {rF+ rCorr MP+9 Int+3 Stlth+}
   (You found it in a Gauntlet)

   [ring of magical power]

   Int+3:     It affects your intelligence (+3).
   rF+:       It protects you from fire.
   MP+9:      It affects your magic capacity (+9).
   rCorr:     It protects you from acid and corrosion.
   Stlth+:    It makes you more stealthy.
 J - a +6 ring of strength
   (You bought it in a shop on level 8 of the Dungeon)
 L - a ring of flight
   (You found it on level 8 of the Dungeon)
 M - the ring "Ofrajautt" {+Blink rN+ Will+}
   (You took it off a centaur on level 11 of the Dungeon)

   [ring of positive energy]

   rN+:       It protects you from negative energy.
   Will+:     It increases your willpower.
   +Blink:    It lets you blink.
 P - a ring of poison resistance
   (You bought it in a shop on level 8 of the Dungeon)
 S - a ring of see invisible (right hand)
   (You found it on level 3 of the Dungeon)
 Z - a +4 ring of slaying (left hand)
   (You took it off a minotaur in a Gauntlet)
Wands
 f - a wand of flame (99)
   (You found it on level 1 of the Lair of Beasts)
 j - a wand of charming (52)
   (You found it on level 2 of the Dungeon)
 s - a wand of roots (22)
   (You found it on level 1 of the Lair of Beasts)
 B - a wand of mindburst (15)
   (You found it on level 11 of the Dungeon)
 D - a wand of digging (12)
   (You found it on level 3 of the Lair of Beasts)
 U - a wand of light (13)
   (You found it on level 10 of the Dungeon)
 W - a wand of polymorph (17)
   (You found it on level 1 of the Snake Pit)
Scrolls
 c - a scroll of blinking
 h - 3 scrolls of silence
 l - 4 scrolls of butterflies
 n - 8 scrolls of fog
 t - 11 scrolls of teleportation {@r4}
 A - 6 scrolls of immolation {!r}
 O - 6 scrolls of poison {!r}
 X - 3 scrolls of revelation
Potions
 d - 2 potions of cancellation
 o - 13 potions of haste {@q3}
 p - 10 potions of curing {@q1}
 q - 12 potions of heal wounds {@q2}
 r - 8 potions of might
 w - 3 potions of lignification {!q}
 x - 3 potions of ambrosia
 y - 5 potions of enlightenment
 I - a potion of invisibility
 Q - 7 potions of resistance
 T - 9 potions of attraction {!q}
 V - 8 potions of mutation {!q}
Miscellaneous
 E - a tin of tremorstones (inert)
   (You found it in a bailey)
 G - a phantom mirror
   (You found it in a bailey)
 N - a lightning rod (4/4) {!a}
   (You found it on level 10 of the Dungeon)


   Skills:
 + Level 22.7 Fighting
 * Level 20.5 Axes
 + Level 18.5 Ranged Weapons
 - Level 9.8 Throwing
 - Level 22.7 Armour
 + Level 11.5 Dodging
 + Level 10.9 Stealth
 - Level 9.8 Evocations


You had 21 spell levels left.
You didn't know any spells.
Your spell library was empty.

Dungeon Overview and Level Annotations

Branches:
Dungeon (15/15) Zot: 24406  Temple (0/1) D:5            Lair (5/5) D:9 Zot: 22810
  Swamp (4/4) Lair:2 Zot: 13636   Snake (4/4) Lair:3 Zot: 11898   Slime (0/5) Lair:5
    Orc (2/2) D:9 Zot: 5492     Elf (3/3) Orc:2 Zot: 10335  Vaults (4/5) D:13 Zot: 14364
  Crypt (3/3) Vaults:2 Zot: 6652    Tomb (1/3) Crypt:3 Zot: 5248  Depths (0/4) D:15
 Bailey (visited)           IceCv (visited)          WizLab (visited)
Gauntlet (visited)

Altars:
Cheibriados
Makhleb
Okawaru
Ru
Sif Muna
Trog
Uskayaw
Vehumet
The Shining One
Jiyva

Shops:
D:8 =(   Orc:1 ?   Orc:2 [?[[(   Elf:2 [   Elf:3 *   Snake:4 :?*   Vaults:1 (
Vaults:2 !   Vaults:3 (

Annotations:
Elf:2 3 runed translucent doors


Innate Abilities, Weirdness & Mutations

You have a pair of large horns on your head.
You reflexively headbutt those who attack you in melee.
You have razor-sharp toenails.
Your mind is acute. (Int +4, Str/Dex -1)
Your flesh is cold resistant. (rC+)
You passively map a small area around you.
Your system is resistant to poisons. (rPois)
Your spells are a little easier to cast, but a little less powerful.


Message History

a - a +3 executioner's axe of flaming (weapon)
The Tzitzimitl gestures at you.
The bolt of negative energy hits the Tzitzimitl.
The Tzitzimitl completely resists.
The bolt of negative energy hits you!!
You feel drained.
Your ogre goes berserk!
Trog will no longer gift you weapons.
The Tzitzimitl calls on the powers of darkness!
The deep elf elementalist convulses!
Your ogre convulses!
Your body is wracked with pain!
* * * LOW HITPOINT WARNING * * *
As you read the scroll of teleportation {@r4}, it crumbles to dust.
You feel strangely unstable.
The deep elf elementalist hits your ogre with a +2 rapier of speed.
The deep elf elementalist casts a spell at you.
The freezing blast engulfs you but does no damage.
The Tzitzimitl engulfs your ogre! The Tzitzimitl barely misses your ogre.
Your ogre closely misses the Tzitzimitl.
The deep elf demonologist mumbles some strange words.
The Tzitzimitl calls on the powers of darkness!
The deep elf demonologist convulses! x2; The deep elf elementalist convulses!
Your ogre convulses!
Your body is wracked with pain!
* * * LOW HITPOINT WARNING * * *
The Ice Fiend calls on the powers of darkness!
The deep elf demonologist convulses!
The deep elf elementalist convulses!
The deep elf demonologist convulses!
Your ogre convulses!
Your body is wracked with pain!
* * * LOW HITPOINT WARNING * * *
You cut the deep elf elementalist into ribbons!!!
You burn the deep elf elementalist.
You kill the deep elf elementalist!
Trog accepts your kill.
Trog appreciates your killing of a magic user.
You slice the Tzitzimitl!! You burn the Tzitzimitl!
Your ogre barely misses the Tzitzimitl.
The Tzitzimitl gestures at you. The bolt of negative energy hits you!!
You feel drained.
* * * LOW HITPOINT WARNING * * *
You open the deep elf demonologist like a pillowcase!!!
You burn the deep elf demonologist.
You kill the deep elf demonologist!
Trog accepts your kill.
Trog appreciates your killing of a magic user.
You slice the Tzitzimitl!! You burn the Tzitzimitl.
The Tzitzimitl gestures at you. The bolt of negative energy hits you!!!
You feel drained.
You die...

...########
##..##############
...# #~~# ...#
#~~# #### ** *
**#~~#****** # ,,
,*#[.#* , # #..# ,
, , , # ,,,, ,
#§§# , , , , ,*
#### ,, #§§# , ###
'..# *** * #@O#*
#.. '..# ,* #§1#*
* *#.. ####
~§1e1≈, , *### # *
* ≈≈§§§§e. # ,
)≈≈ee≈≈.... #
,..≈≈.e≈≈...#,* *
# *#####21######,
# ,3e4. , *### # *
, ,*#..


You could see 2 Tzitzimimeh, an Ice Fiend (summoned), a deep elf demonologist
(empowered) and a friendly ogre (summoned, berserk).

Vanquished Creatures
  3 dread liches
  2 ancient liches (Crypt:3)
  Sojobo (Vaults:2)
  Margery (Vaults:4)
  Boris (Vaults:2)
  A curse toe (Crypt:3)
  A bone dragon (Crypt:3)
  A tentacled monstrosity (Vaults:3)
  Zenata (Elf:2)
  Rupert (D:15)
  A lich (Vaults:4)
  Jorgrun (D:12)
  4 ancient champions (Crypt:3)
  2 sphinxes
  2 quicksilver dragons (Snake:4)
  2 tengu reavers (Vaults:2)
  3 thorn hunters
  Aizul (Swamp:1)
  6 nagarajas (Snake:4)
  2 revenants
  A frost giant (IceCv)
  An iron dragon (Vaults:4)
  5 vault wardens
  2 deep elf elementalists (Elf:3)
  2 deep elf sorcerers (Elf:3)
  5 curse skulls
  A cacodemon (WizLab)
  8 ghouls
  3 orc warlords
  A reaper (Crypt:3)
  A formless jellyfish (Vaults:3)
  10 ironbound preservers
  A war gargoyle (Vaults:3)
  A juggernaut zombie (Tomb:1)
  9 ironbound thunderhulks
  3 vampire knights
  3 deep elf demonologists (Elf:3)
  A juggernaut skeleton (Crypt:3)
  A lorocyproca (WizLab)
  A minotaur (Gauntlet)
  2 deep elf annihilators (Elf:3)
  7 eleionomae
  A dire elephant (Vaults:1)
  Azrael (D:12)
  6 bunyips
  2 ettins
  3 crystal guardians (Vaults:3)
  7 eidola
  2 shambling mangroves
  4 jiangshi
  A mummy priest (Tomb:1)
  5 deep elf death magi
  8 great orbs of eyes
  Fannar (D:10)
  An entropy weaver (Vaults:1)
  6 vault guards
  17 hydras
  2 peacekeepers (Vaults:3)
  5 yaktaur captains
  3 fenstrider witch zombies (Crypt:1)
  A ghost crab (Swamp:2)
  6 salamander tyrants
  Erolcha (D:10)
  14 two-headed ogres
  19 centaur warriors
  8 ironbound frosthearts
  10 anacondas
  3 ogre magi
  8 dancing weapons
  8 death yaks
  7 vampire magi
  4 alligators
  3 boulder beetles
  8 naga warriors
  4 tengu warriors (D:15)
  A spriggan berserker (Swamp:3)
  5 naga sharpshooters
  A deep troll shaman (Crypt:3)
  3 shock serpents
  5 hell knights (Vaults:4)
  2 titan zombies (Crypt:1)
  Urug (D:9)
  5 soul eaters
  18 spriggans
  A spark wasp zombie (Crypt:2)
  9 deep elf knights
  3 skysharks
  2 goliath frogs
  5 salamander mystics
  16 skeletal warriors
  2 shadow wraiths
  A glowing orange brain (Vaults:1)
  35 deep trolls
  Amaemon (D:11)
  5 spriggan druids
  A death drake (Swamp:3)
  11 swamp dragons
  8 wizards
  2 bunyip zombies
  22 bog bodies
  5 harpies (Vaults:3)
  14 deep elf archers
  9 lindwurms
  3 flayed ghosts
  10 ironbound convokers
  14 orc knights
  6 naga ritualists
  A harpy (shapeshifter) (D:10)
  8 phantasmal warriors
  27 deep elf pyromancers
  4 orc sorcerers
  A broodmother zombie (Crypt:2)
  12 mana vipers
  18 deep elf zephyrmancers
  A stone giant zombie (Vaults:1)
  A wolf spider (Lair:5)
  8 necromancers
  18 ugly things
  A shadow dragon skeleton (Crypt:1)
  A tengu skeleton (Vaults:1)
  A will-o-the-wisp (Swamp:1)
  17 salamanders
  An iron dragon skeleton (Vaults:1)
  4 manticores
  A moth of wrath (Gauntlet)
  Maurice (D:12)
  10 elephants
  11 cyclopes
  5 guardian serpents
  12 vault sentinels
  4 human skeletons
  A smoke demon (WizLab)
  26 black mambas
  2 ice statues
  An orange demon (D:11)
  4 gargoyles
  8 naga magi
  A death yak zombie (Crypt:2)
  2 hellions (WizLab)
  4 unseen horrors
  17 cane toads
  A dire elephant skeleton (Crypt:1)
  A green draconian zombie (Crypt:1)
  A komodo dragon (shapeshifter) (D:10)
  An unseen horror (shapeshifter) (Elf:1)
  12 komodo dragons
  A sea snake zombie (Crypt:2)
  A kobold demonologist (D:11)
  14 rime drakes
  7 efreet
  9 yaktaurs
  6 guardian mummies
  A black draconian zombie (Crypt:1)
  4 tengu conjurers
  A mana viper zombie (Crypt:1)
  A purple draconian skeleton (Crypt:3)
  A yaktaur skeleton (Vaults:4)
  3 spectral deep trolls (Crypt:3)
  3 freezing wraiths
  2 red devils (WizLab)
  A harpy zombie (Crypt:1)
  8 trolls
  5 polar bears
  A harpy skeleton (Crypt:1)
  3 bloated husks
  30 hornets
  A wind drake (shapeshifter) (D:11)
  Prince Ribbit (D:8)
  An ice dragon zombie (Crypt:1)
  12 meliai
  9 tyrant leeches
  11 blink frogs
  A raiju (Gauntlet)
  An ettin zombie (Vaults:1)
  2 black mamba zombies
  6 dream sheep (Lair:5)
  A hydra skeleton (Crypt:1)
  A snapping turtle (shapeshifter) (D:15)
  3 centaur simulacra (Gauntlet)
  2 large abominations (Elf:1)
  39 slime creatures
  A satyr skeleton (Crypt:1)
  2 alligator skeletons (Crypt:2)
  7 flying skulls
  2 water elementals
  2 vampires (D:13)
  42 yaks
  3 air elementals
  A ynoxinul (WizLab)
  7 shadows
  Eustachio (D:4)
  An ice dragon skeleton (Crypt:1)
  16 wyverns
  2 fire elementals
  2 golden eyes (shapeshifter)
  Grum (D:8)
  10 wraiths
  6 steam dragons
  3 chaos spawn (WizLab)
  3 redbacks
  A wind drake zombie (Crypt:1)
  9 basilisks
  14 vampire mosquitoes
  21 swamp worms
  2 wargs
  6 acid dragons
  11 nagas
  An acid dragon (shapeshifter) (D:11)
  5 hell hounds (D:12)
  20 water moccasins
  A floating eye (D:10)
  10 swamp drakes
  60 orc warriors
  A black bear (shapeshifter) (D:13)
  An ice beast (D:6)
  A manticore zombie (Crypt:1)
  2 sky beasts (D:6)
  8 black bears
  9 ogres
  An ettin simulacrum (Crypt:1)
  A lindwurm zombie (Crypt:1)
  21 wolves
  An elephant skeleton (Crypt:3)
  4 boggarts (Vaults:3)
  17 centaurs
  3 kobold brigands
  A fire crab zombie (Crypt:1)
  2 elf zombies (Elf:1)
  2 human zombies
  10 bullfrogs
  3 earth elementals
  12 necrophages
  2 gnoll sergeants (D:11)
  6 scorpions
  A raiju zombie (Crypt:1)
  8 wights
  8 killer bees
  6 spriggan skeletons
  9 howler monkeys
  2 electric eels
  4 lava snakes (Lair:3)
  A troll skeleton (D:13)
  3 human simulacra
  3 hounds (D:5)
  A jelly (D:4)
  A gnoll bouda (D:9)
  13 orc priests
  A wyvern simulacrum (Gauntlet)
  A sleepcap (D:7)
  7 iguanas
  35 orc wizards
  4 hell rats (Lair:3)
  An ice beast zombie (Crypt:3)
  A hound zombie (Crypt:2)
  A boggart simulacrum (Gauntlet)
  12 mummies
  10 gnolls
  8 adders
  A shadow imp (D:5)
  A white imp (D:6)
  4 ufetubi
  2 worms (D:4)
  6 dart slugs
  112 orcs
  7 ball pythons
  3 bats
  A bat zombie (Crypt:2)
  4 endoplasms
  3 giant cockroaches
  20 goblins
  11 hobgoblins
  10 jackals
  5 quokkas
  A river rat zombie (Crypt:2)
  3 frilled lizards
  A frilled lizard zombie (Crypt:3)
  13 kobolds
  An orc zombie (Crypt:3)
  6 rats
  2 rat skeletons (Crypt:3)
1693 creatures vanquished.

Vanquished Creatures (collateral kills)
  An orc warlord (Vaults:2)
  2 centaur warriors
  A deep elf zephyrmancer (Elf:2)
  An ironbound convoker (Vaults:2)
  A deep elf pyromancer (Elf:2)
6 creatures vanquished.

Vanquished Creatures (others)
  A deep elf knight (Elf:2)
  A necromancer (Vaults:2)
  An orc knight (Bailey)
  A wolf spider (Lair:5)
  A cane toad (Lair:5)
  A bloated husk (Swamp:1)
  3 centaurs (Orc:2)
  An orc wizard (D:10)
  An orc (Orc:2)
  6 foxfires (Swamp:1)
17 creatures vanquished.

Grand Total: 1716 creatures vanquished

Notes
Turn   | Place    | Note
-------+----------+-------------------------------------------
     0 | D:1      | Pooter the Minotaur Berserker began the quest for the Orb.
     0 | D:1      | Reached XP level 1. HP: 19/19 MP: 0/0
   325 | D:1      | Reached XP level 2. HP: 25/27 MP: 1/1
   345 | D:1      | Reached skill level 1 in Stealth
   740 | D:2      | Found a shimmering blue altar of Sif Muna.
   740 | D:2      | Noticed a scorpion
   747 | D:2      | Killed a scorpion
   748 | D:2      | Reached XP level 3. HP: 23/33 MP: 2/2
   748 | D:2      | Reached XP level 4. HP: 28/40 MP: 3/3
   835 | D:2      | Identified the +2 robe of Tender Moments {Harm rF- Str+8
                  | Int+4}
  1061 | D:2      | Reached ** piety under Trog
  1858 | D:3      | Reached skill level 5 in Axes
  1893 | D:3      | Reached XP level 5. HP: 47/47 MP: 4/4
  2462 | D:4      | Reached skill level 1 in Ranged Weapons
  2759 | D:4      | Reached skill level 1 in Evocations
  2760 | D:4      | Reached XP level 6. HP: 53/53 MP: 5/5
  2800 | D:4      | Found a snail-covered altar of Cheibriados.
  3158 | D:4      | Reached skill level 5 in Fighting
  3158 | D:4      | Reached XP level 7. HP: 61/61 MP: 6/6
  3354 | D:4      | Noticed Eustachio
  3428 | D:4      | Killed Eustachio
  3908 | D:5      | Entered Level 5 of the Dungeon
  4150 | D:5      | Reached XP level 8. HP: 70/70 MP: 7/7
  4296 | D:5      | Found a staircase to the Ecumenical Temple.
  4311 | D:5      | Reached *** piety under Trog
  4332 | D:5      | Reached skill level 5 in Stealth
  4819 | D:5      | Found a hide-covered altar of Uskayaw.
  4819 | D:5      | Found a radiant altar of Vehumet.
  4912 | D:6      | Found a sacrificial altar of Ru.
  4991 | D:6      | Found a glowing golden altar of the Shining One.
  5338 | D:6      | Reached skill level 5 in Ranged Weapons
  5484 | D:6      | Reached XP level 9. HP: 64/78 MP: 8/8
  5852 | D:7      | Found a flagged portal.
  5857 | D:7      | Identified the +5 hand axe of the Slime-mould {venom, Str+9
                  | Int-4 Dex-4}
  5991 | Bailey   | Entered a bailey
  6782 | Bailey   | Reached skill level 10 in Axes
  6830 | Bailey   | Noticed an orc knight
  6833 | Bailey   | Noticed an orc warlord
  6848 | Bailey   | HP: 2/120 [orc warlord/+3 broad axe (36)]
  6849 | Bailey   | Killed an orc warlord
  6850 | Bailey   | Reached XP level 10. HP: 4/88 MP: 9/9
  7079 | Bailey   | Reached XP level 11. HP: 94/94 MP: 10/10
  7854 | D:8      | Found Jishy's Weapon Shop.
  7855 | D:8      | Found Pafiuth's Jewellery Boutique.
  7907 | D:8      | Bought a +6 ring of strength for 432 gold pieces
  7907 | D:8      | Bought a ring of poison resistance for 240 gold pieces
  7940 | D:8      | Reached skill level 10 in Ranged Weapons
  8084 | D:8      | Noticed Grum
  8346 | D:8      | Killed Grum
  8495 | D:8      | Noticed Prince Ribbit
  8511 | D:8      | Killed Prince Ribbit
  8642 | D:8      | Reached **** piety under Trog
  9397 | D:9      | Found a staircase to the Lair.
  9633 | D:9      | Found a staircase to the Orcish Mines.
  9895 | D:10     | Entered Level 10 of the Dungeon
 10331 | D:8      | Bought an amulet of regeneration for 360 gold pieces
 10442 | D:10     | Reached skill level 15 in Axes
 10629 | D:10     | Paralysed by a floating eye for 2 turns
 10629 | D:10     | Noticed an orc sorcerer
 10641 | D:10     | Killed an orc sorcerer
 10780 | D:10     | Reached XP level 12. HP: 106/106 MP: 11/11
 10799 | D:10     | Noticed Erolcha
 10814 | D:10     | Killed Erolcha
 10830 | D:10     | Noticed Fannar
 10838 | D:10     | Killed Fannar
 11153 | D:10     | Found a runed translucent door.
 11208 | D:10     | Noticed a boulder beetle
 11214 | D:10     | Killed a boulder beetle
 11215 | D:10     | Reached skill level 10 in Fighting
 11265 | D:10     | Noticed a great orb of eyes
 11265 | D:10     | Noticed a boulder beetle
 11273 | D:10     | Killed a great orb of eyes
 11275 | D:10     | Killed a boulder beetle
 11332 | D:10     | Identified the +2 hand axe of Recklessness {venom, Dex+2}
 11533 | Lair:1   | Entered Level 1 of the Lair of Beasts
 12427 | Lair:1   | Identified the staff "Diudin" {rElec MP+9 Dex+3 Air}
 12614 | Lair:2   | Found an iron altar of Okawaru.
 12953 | Lair:2   | Found a staircase to the Swamp.
 13017 | Lair:2   | Reached XP level 13. HP: 101/116 MP: 12/12
 13706 | Lair:3   | You fall into a shaft and drop 2 floors!
 13706 | Lair:5   | Entered Level 5 of the Lair of Beasts
 13961 | Lair:5   | Reached skill level 10 in Armour
 14160 | Lair:3   | Reached skill level 15 in Ranged Weapons
 14169 | Lair:3   | Found a frozen archway.
 14180 | IceCv    | Entered an ice cave
 14193 | IceCv    | Upgraded the game from 0.31-a0-521-gc7390f8997 to
                  | 0.31-a0-523-g071a6c1ffa
 14437 | IceCv    | Noticed a frost giant
 14454 | IceCv    | Killed a frost giant
 14594 | IceCv    | Reached XP level 14. HP: 109/127 MP: 13/13
 15188 | Lair:3   | Found a staircase to the Snake Pit.
 16265 | Lair:5   | Found a viscous altar of Jiyva.
 16265 | Lair:5   | Found a staircase to the Slime Pits.
 18094 | Lair:5   | Identified the +1 buckler of Hedging {rElec Slay+3}
 18361 | Orc:1    | Entered Level 1 of the Orcish Mines
 18384 | Orc:1    | Noticed Urug
 18400 | D:9      | Killed Urug
 18458 | Orc:1    | Noticed an orc warlord
 18541 | D:9      | Killed an orc warlord
 18542 | D:9      | Reached skill level 15 in Fighting
 18670 | Orc:1    | Found Hunir Wos's Magic Scroll Emporium.
 18678 | Orc:1    | Bought a scroll of identify for 30 gold pieces
 18678 | Orc:1    | Bought a scroll of blinking for 112 gold pieces
 18678 | Orc:1    | Bought a scroll of identify for 30 gold pieces
 18787 | Orc:2    | Entered Level 2 of the Orcish Mines
 18849 | Orc:2    | Found Giecw's Weapon Shop.
 22504 | Orc:2    | Reached XP level 15. HP: 143/143 MP: 14/14
 23271 | Orc:2    | Found a staircase to the Elven Halls.
 24533 | Orc:2    | Found Imyaseof's Magic Scroll Emporium.
 24533 | Orc:2    | Found Iwueggen's Antique Armour Shop.
 24535 | Orc:2    | Found Hiocem's Antique Armour Boutique.
 24539 | Orc:2    | Found Jujusm's Armour Shoppe.
 24543 | Orc:2    | Bought a scroll of enchant armour for 120 gold pieces
 24543 | Orc:2    | Bought a scroll of identify for 32 gold pieces
 24552 | Orc:2    | Bought a pair of slimy gloves for 190 gold pieces
 24552 | Orc:2    | Identified the +0 pair of gloves of the Clam {rElec MP+9}
                  | (You bought it in a shop on level 2 of the Orcish Mines)
 24609 | Orc:2    | Bought a pair of translucent gloves for 237 gold pieces
 24609 | Orc:2    | Identified the +0 pair of gloves of Makhleb's Favour {rPois
                  | rC- Str+3} (You bought it in a shop on level 2 of the
                  | Orcish Mines)
 24946 | D:11     | Found a bloodstained altar of Trog.
 25055 | D:11     | Reached skill level 15 in Armour
 25375 | D:11     | Noticed Amaemon
 25867 | D:11     | Identified the +3 sling of the King {antimagic, rN+ Dex+3}
 25929 | D:11     | Identified the +1 bardiche of the Inferno {elec, Str+3}
 25933 | D:11     | Identified the ring "Ofrajautt" {+Blink rN+ Will+}
 26392 | D:11     | Killed Amaemon
 28406 | D:12     | Noticed Azrael
 28415 | D:12     | Killed Azrael
 28622 | D:12     | Reached ***** piety under Trog
 28650 | D:12     | Noticed Maurice
 28657 | D:12     | Killed Maurice
 29041 | D:12     | Noticed Jorgrun
 29058 | D:12     | Killed Jorgrun
 29346 | D:13     | Found a gate to the Vaults.
 29356 | D:13     | Found a gate leading to a gauntlet.
 29371 | Gauntlet | Entered a Gauntlet
 29371 | Gauntlet | Found the amulet of the Air {Inacc Air Fly rElec RMsl}
 29371 | Gauntlet | Found a transporter.
 29371 | Gauntlet | Found a transporter.
 29371 | Gauntlet | Found a transporter.
 29397 | Gauntlet | Found a transporter.
 29400 | Gauntlet | Found a transporter.
 29421 | Gauntlet | Identified the amulet "Noinepp" {Contam rN+ Regen+ Dex+3
                  | Slay+3}
 29424 | Gauntlet | Found a transporter.
 29434 | Gauntlet | Found a transporter.
 29445 | Gauntlet | Reached XP level 16. HP: 157/157 MP: 15/15
 29791 | Gauntlet | Found a transporter.
 29799 | Gauntlet | Found a transporter.
 29832 | Gauntlet | Identified the +1 morningstar "Minotaur's Curse" {protect,
                  | rF+}
 29911 | Gauntlet | Identified the ring of Equivalence {rF+ rCorr MP+9 Int+3
                  | Stlth+}
 30061 | D:13     | Received a gift from Trog
 31895 | D:14     | Identified the +4 orcbow "Arbiter" {freeze, +Blink rPois
                  | Str-2}
 33720 | D:14     | You fall into a shaft and drop 1 floor!
 33720 | D:15     | Entered Level 15 of the Dungeon
 34057 | D:15     | Reached skill level 1 in Throwing
 34300 | D:15     | Noticed Rupert
 34315 | D:15     | Killed Rupert
 34725 | D:15     | Found a staircase to the Depths.
 34857 | D:15     | Found a portal to a secret trove of treasure.
 35605 | Swamp:1  | Entered Level 1 of the Swamp
 36170 | Swamp:1  | Noticed Aizul
 36189 | Swamp:1  | Killed Aizul
 36463 | Swamp:1  | Gained mutation: You have hidden genetic potential. [potion
                  | of mutation]
 36463 | Swamp:1  | Gained mutation: Your muscles are strong. (Str +4, Int/Dex
                  | -1) [potion of mutation]
 36463 | Swamp:1  | Gained mutation: Your system is resistant to poisons.
                  | (rPois) [potion of mutation]
 37057 | Swamp:2  | Noticed a thorn hunter
 37067 | Swamp:2  | Killed a thorn hunter
 37071 | Swamp:2  | Reached XP level 17. HP: 168/168 MP: 16/16
 38160 | Swamp:2  | Found a transporter.
 38198 | Swamp:2  | Found a transporter.
 38934 | Swamp:2  | Reached skill level 5 in Evocations
 39573 | Swamp:2  | Gained mutation: Potions are less effective at restoring
                  | your health. [mutagenic glow]
 39591 | Swamp:2  | Gained mutation: You are frail. (-10% HP) [mutagenic glow]
 39598 | Swamp:2  | Identified the ring "Ammewent" {rElec rPois rN++ Int+3
                  | Slay-4}
 39601 | Swamp:2  | Identified the +0 pair of gloves of Ebloav {rF+ rC+ MP+9
                  | Int-2}
 40754 | Swamp:3  | Reached ****** piety under Trog
 40873 | Swamp:3  | Reached skill level 5 in Throwing
 41289 | Swamp:4  | Entered Level 4 of the Swamp
 42137 | Swamp:4  | Identified the +5 battleaxe of the Equinox {antimagic, Fly
                  | rF+ SInv Stlth+} (Trog gifted it to you on level 4 of the
                  | Swamp)
 42137 | Swamp:4  | Received a gift from Trog
 42641 | Swamp:4  | Gained mutation: You have sharp toenails. [hidden
                  | potential]
 45089 | Swamp:4  | Got a decaying rune of Zot
 45121 | Swamp:4  | Identified a scroll of acquirement
 45125 | Swamp:4  | Acquired the +3 longbow of the Eel {flame, Str+3 Dex+3
                  | SInv}
 45712 | Snake:1  | Entered Level 1 of the Snake Pit
 46695 | Snake:1  | Received a gift from Trog
 46696 | Snake:1  | Reached XP level 18. HP: 130/160 MP: 5/17
 48692 | Snake:2  | Found a burning altar of Makhleb.
 51856 | Snake:3  | Reached skill level 5 in Dodging
 52800 | Snake:4  | Entered Level 4 of the Snake Pit
 53027 | Snake:4  | Found Unnennyf's Assorted Antiques.
 53027 | Snake:4  | Found Baegad's Magic Scroll Emporium.
 53031 | Snake:4  | Found Woelilos's Book Shoppe.
 53035 | Snake:4  | Bought a potion of might for 180 gold pieces
 53035 | Snake:4  | Bought a potion of curing for 135 gold pieces
 53040 | Snake:4  | Bought a scroll of enchant armour for 97 gold pieces
 53040 | Snake:4  | Bought a scroll of poison for 52 gold pieces
 53040 | Snake:4  | Bought a scroll of enchant weapon for 97 gold pieces
 56057 | Snake:4  | Gained mutation: You are strong-willed. (Will+) [hidden
                  | potential]
 56057 | Snake:4  | Lost mutation: You have hidden genetic potential. [hidden
                  | potential expressed]
 57037 | Snake:4  | Received a gift from Trog
 57198 | Snake:4  | Got a serpentine rune of Zot
 57677 | Snake:4  | Lost mutation: You are strong-willed. (Will+) [potion of
                  | mutation]
 57677 | Snake:4  | Lost mutation: Your muscles are strong. (Str +4, Int/Dex
                  | -1) [potion of mutation]
 57677 | Snake:4  | Gained mutation: Your spells are a little easier to cast,
                  | but a little less powerful. [potion of mutation]
 57677 | Snake:4  | Gained mutation: You have razor-sharp toenails. [potion of
                  | mutation]
 57677 | Snake:4  | Gained mutation: You are resistant to electric shocks.
                  | (rElec) [potion of mutation]
 57677 | Snake:4  | Gained mutation: You have a pair of large horns on your
                  | head. [potion of mutation]
 57678 | Snake:4  | Lost mutation: You are resistant to electric shocks.
                  | (rElec) [potion of mutation]
 57678 | Snake:4  | Lost mutation: Potions are less effective at restoring your
                  | health. [potion of mutation]
 57678 | Snake:4  | Gained mutation: Your flesh is cold resistant. (rC+)
                  | [potion of mutation]
 57678 | Snake:4  | Lost mutation: You are frail. (-10% HP) [potion of
                  | mutation]
 57678 | Snake:4  | Gained mutation: You passively map a small area around you.
                  | [potion of mutation]
 58298 | Elf:1    | Entered Level 1 of the Elven Halls
 60042 | Elf:2    | Paralysed by an air elemental for 1 turns
 60048 | Elf:2    | Received a gift from Trog
 60094 | Elf:2    | Reached XP level 19. HP: 157/186 MP: 18/18
 60403 | Elf:2    | Found Qeiguice's Antique Armour Shop.
 60415 | Elf:2    | Noticed Zenata
 60436 | Elf:2    | Killed Zenata
 60817 | D:15     | You paid a toll of 5 scrolls of blinking to enter a
                  | treasure trove
 60818 | Trove    | Entered a treasure trove
 60892 | Trove    | Reached XP level 20. HP: 189/189 MP: 19/19
 61395 | Elf:2    | Found a runed translucent gate.
 61395 | Elf:2    | Found a runed translucent gate.
 61395 | Elf:2    | Found a runed translucent gate.
 61577 | Elf:3    | Entered Level 3 of the Elven Halls
 63122 | Elf:3    | Found Pelat's Assorted Antiques.
 63130 | Elf:3    | Bought a scroll of teleportation for 81 gold pieces
 63130 | Elf:3    | Bought a wand of charming (3) for 194 gold pieces
 63130 | Elf:3    | Bought a wand of roots (8) for 518 gold pieces
 66419 | Vaults:1 | Entered Level 1 of the Vaults
 67617 | Vaults:1 | Identified the +6 orcbow of Wupt {flame, Will+ Int+3
                  | Stlth+}
 68154 | Vaults:1 | Lost intelligence.
 68160 | Vaults:1 | Received a gift from Trog
 68520 | Vaults:1 | Found Riugauh's Antique Weapon Emporium.
 68523 | Vaults:1 | Identified the +4 chain mail of Igrefi {rF+}
 68732 | Vaults:2 | You fall into a shaft and drop 2 floors!
 68986 | Vaults:4 | Found a magical portal.
 68995 | WizLab   | Entered The Hall of the Hellbinder
 69011 | WizLab   | Gained mutation: Your mind is acute. (Int +4, Str/Dex -1)
                  | [a cacodemon]
 69201 | Vaults:4 | Reached XP level 21. HP: 189/205 MP: 20/20
 70013 | Vaults:2 | Noticed Sojobo
 70128 | Vaults:2 | Noticed Boris
 70666 | Vaults:2 | Killed Boris
 71543 | Vaults:2 | Found Zuozud's Distillery.
 71548 | Vaults:2 | Bought a potion of heal wounds for 85 gold pieces
 71548 | Vaults:2 | Bought a potion of invisibility for 136 gold pieces
 71548 | Vaults:2 | Bought a potion of curing for 51 gold pieces
 71699 | Vaults:2 | Found a staircase to the Crypt.
 71740 | Vaults:2 | Paralysed by an air elemental for 1 turns
 71748 | Vaults:2 | Paralysed by an air elemental for 1 turns
 71753 | Vaults:2 | Killed Sojobo
 72378 | Vaults:3 | Received a gift from Trog
 74429 | Vaults:3 | Found Taguall's Weapon Boutique.
 74549 | Vaults:4 | Noticed Margery
 74563 | Vaults:4 | Killed Margery
 75206 | Vaults:4 | Identified the amulet of Qauf {Faith rN+}
 75620 | Vaults:4 | Upgraded the game from 0.31-a0-523-g071a6c1ffa to
                  | 0.31-a0-532-g28f74ba3e5
 75799 | Crypt:1  | Entered Level 1 of the Crypt
 76097 | Crypt:1  | Reached skill level 10 in Dodging
 76155 | Crypt:1  | Received a gift from Trog
 76439 | Crypt:1  | Reached XP level 22. HP: 210/210 MP: 21/21
 78124 | Crypt:1  | Reached skill level 10 in Stealth
 84200 | Crypt:3  | Entered Level 3 of the Crypt
 84291 | Crypt:3  | Noticed a dread lich
 84305 | Crypt:2  | Killed a dread lich
 84363 | Crypt:3  | Identified the +5 sling of Sudden Death {elec, Drain Dex+5}
 84487 | Crypt:3  | Noticed a curse toe
 84712 | Crypt:3  | Killed a curse toe
 85696 | Crypt:3  | Found a staircase to the Tomb.
 85703 | Tomb:1   | Entered Level 1 of the Tomb of the Ancients
 86694 | Crypt:3  | Received a gift from Trog
 86829 | Crypt:3  | Noticed a dread lich
 86829 | Crypt:3  | Noticed an ancient lich
 86857 | Crypt:3  | Killed a dread lich
 86860 | Crypt:3  | Killed an ancient lich
 87135 | Crypt:3  | Noticed an ancient lich
 87135 | Crypt:3  | Noticed a dread lich
 87147 | Crypt:3  | Killed an ancient lich
 87155 | Crypt:3  | Killed a dread lich
 87572 | Crypt:3  | Identified the amulet of Ogyddeo {Reflect rElec rPois SH+5}
 88113 | Elf:3    | Identified the +2 battleaxe "Satav" {pain, rElec Str+5
                  | Int-4 Stlth+}
 88113 | Elf:3    | Identified the ring of Cyur Lunuge {Fire Contam rN++}
 88123 | Elf:3    | HP: 9/200 [Tzitzimitl/bolt of negative energy[a deep elf
                  | demonologist] (18)]
 88124 | Elf:3    | Killed from afar by a Tzitzimitl

Illustrated notes

Levels and vault maps discovered:
D:1:      giann_horns, layout_basic
D:2:      layout_loops_cross, basic_altar
D:3:      layout_basic, grunt_decor_resistance, kennysheep_big_empty_room
D:4:      minmay_polygon_palace, layout_basic, lemuel_tele_altar, uniq_eustachio
D:5:      layout_rooms, gammafunk_temple_overflow_elements,
          minmay_temple_entry_ruins
D:6:      kennysheep_spiral_hall, layout_loops_ring, nicolae_ru_awakened_eye,
          mainiacjoe_overflow_chevrons, nrook_loot_triangle
D:7:      layout_rooms, enter_bailey_2, minmay_misc_feat_square
D:8:      layout_cave_pools, serial_shops, shop,
          nicolae_shop_tiny_statue_garden, nicolae_elevator_lobby_asterisk,
          uniq_grum, uniq_prince_ribbit1
D:9:      layout_roguey, minmay_lair_entry_grove, erik_orc_1
D:10:     hellmonk_paralyzer, layout_loops_ring, minivault_13, uniq_fannar,
          uniq_erolcha
D:11:     minmay_the_grid_square_5x5_5x5_mashed
          [minmay_the_grid_square_5x5_n_small, minmay_the_grid_square_5x5_tie,
          minmay_the_grid_square_5x5_broken_cross,
          minmay_the_grid_square_5x5_minimal,
          minmay_the_grid_square_5x5_detours, minmay_the_grid_square_5x5_empty,
          minmay_the_grid_square_5x5_prize_gold,
          minmay_the_grid_square_5x5_inner_z,
          minmay_the_grid_square_5x5_prize_pseudospiral,
          minmay_the_grid_square_5x5_checkered,
          minmay_the_grid_square_5x5_beaten_path,
          minmay_the_grid_square_5x5_inverted_slash,
          minmay_the_grid_square_5x5_prize_itemx, minmay_the_grid_square_5x5_n,
          minmay_the_grid_square_5x5_shuriken,
          minmay_the_grid_square_5x5_inner_v,
          minmay_the_grid_square_5x5_prize_monsterx,
          minmay_the_grid_square_5x5_half_checkered,
          minmay_the_grid_square_5x5_prize_deathbox,
          minmay_the_grid_square_5x5_moneybag,
          minmay_the_grid_square_5x5_fancy_junction,
          minmay_the_grid_square_5x5_checkered_statues,
          minmay_the_grid_square_5x5_dogpile, minmay_the_grid_square_5x5_inset,
          minmay_the_grid_square_5x5_seven], layout_basic, bloody_trog,
          uniq_amaemon
D:12:     layout_irregular_city, minivault_16, uniq_maurice, uniq_azrael,
          uniq_jorgrun
D:13:     minmay_crescents, layout_gridville, david_vaults_1,
          gauntlet_entry_generic, hangedman_tell_no_tales
D:14:     layout_stronghold, serial_bayou_pond_d
D:15:     hangedman_depths_entry_civil_slaughter, layout_irregular_city,
          nicolae_trove_entry_path_of_doom, nicolae_the_louvre, uniq_louise,
          uniq_rupert
Lair:1:   statuecave_lemuel, layout_misc_corridors
Lair:2:   layout_hall_layers, nicolae_swamp_entry_splash_gauntlet, basic_altar,
          lemuel_fruit_tree, grunt_megastairs_1
Lair:3:   layout_roguey, nicolae_snake_entry_warm_welcome, portal_ice_cave_rime,
          grunt_megastairs_2, infiniplex_staircase_pool_2
Lair:4:   layout_regular_city, nzn_sisyphean_effort
Lair:5:   hangedman_lair_tendril_chambers, layout_regular_city, slime_entry_1,
          lemuel_fruit_fields
Swamp:1:  layout_falls_marsh, nicolae_swamp_little_swirl,
          nicolae_swamp_tree_designs, uniq_aizul
Swamp:2:  gammafunk_worm_tunnel, layout_basic_swamp,
          evilmike_swamp_ruin_house_6, swamp_pool1, ldierk_geyser,
          hangedman_swamp_ravenous
Swamp:3:  nzn_winding_woodlands_small [nzn_winding_woodlands_5x15_garden,
          nzn_winding_woodlands_center_diamonds,
          nzn_winding_woodlands_5x15_longhouse], layout_falls_marsh,
          serial_swamp_ruin, evilmike_swamp_ruin_house_4,
          evilmike_swamp_ruin_house_2, evilmike_swamp_ruin_rubble_2, swamp_pool1
Swamp:4:  swamp_alternative, layout_basic_swamp, swamp_pool1,
          nicolae_swamp_small_spring
Snake:1:  layout_misc_corridors
Snake:2:  layout_rooms, basic_altar, grunt_megastairs_5
Snake:3:  layout_chambers
Snake:4:  hellmonk_snake_rune_quicksilver_temple, layout_cave_town,
          minmay_shop_star
Orc:1:    layout_caves, serial_shops, shop, uniq_urug
Orc:2:    st_orc_rangers, layout_diamond_mine, serial_shops, shop,
          elves_outpost_lemuel
Elf:1:    nicolae_elf_arrival_fired_up, layout_rooms, minmay_elf_necromancy
Elf:2:    elven_hall_of_blades_hangedman_original
          [nicolae_blade_entry_pointy_end], layout_onion_city, serial_shops,
          nicolae_shop_stone, grunt_megastairs_3, uniq_zenata
Elf:3:    elf_hall_gauntlet_wide, layout_gridlike, serial_shops, shop
Vaults:1: nicolae_vaults_oval_intersection, nicolae_vaults_diamond_2,
          nicolae_vaults_network_square, nicolae_vaults_closet_pinwheel_5,
          v_misc_10, vaults_mumra_lcd, nicolae_vaults_quartermaster,
          ontoclasm_vaults_hangar, ontoclasm_vaults_spin,
          nicolae_vaults_tetromino_T_1, nicolae_vaults_closet_pinwheel_6,
          dpeg_vaults_monster_box, layout_vaults_big_cross, serial_shops, shop
Vaults:2: minmay_crypt_entry_simple_corners,
          nicolae_vaults_trapezoid_lopsided_3, v_misc_5, ontoclasm_vaults_pinch,
          nicolae_vaults_little_ls, nicolae_vaults_asterisk, v_alt_pattern_4,
          nicolae_vaults_rhombus_6, layout_vaults_omnigrid, serial_shops, shop,
          uniq_boris, uniq_sojobo
Vaults:3: hangedman_vaults_capsules, v_misc_2,
          vaults_room_grunt_arrival_checkpoint,
          nicolae_vaults_heart-shaped_vault, nicolae_vaults_corpse_flower,
          nicolae_vaults_trapezoid_lopsided_4,
          nicolae_vaults_doubleplus_tesselated, grunt_vaults_twisty,
          nicolae_vaults_tetromino_Z_1, nicolae_vaults_trapezoid_1,
          nicolae_vaults_octothorpe, hangedman_vaults_impose,
          layout_vaults_omnibox, serial_shops, shop
Vaults:4: mu_enter_wizlab_6, nicolae_vaults_circle_grid_b,
          vaults_room_hangedman_quadrants, vaults_room_semicircle,
          vaults_mumra_chevron_long, v_misc_2, v_misc_29, hangedman_vaults_trim,
          layout_vaults_big_room, uniq_margery
Crypt:1:  layout_basic, tombwall_bobbens, grunt_crypt_arrival_guarded_gate
Crypt:2:  layout_regular_city
Crypt:3:  david_glass_crypt, layout_chaotic_city,
          nicolae_tomb_entry_rubble_hallway, skrybe_necro_troll_2
Tomb:1

Skill      XL: |  1  2  3  4  5  6  7  8  9 10 11 12 13 14 15 16 17 18 19 20 21 22 |
---------------+-------------------------------------------------------------------+-----
Axes           | 4 5 6 7 8 10 13 15 16 17 18 20 | 20.5
Stealth        | 2 3 4 5 7 8 9 10 | 10.9
Fighting       | 4 5 6 8 9 11 12 15 18 19 20 21 22 | 22.7
Ranged Weapons | 1 2 3 5 7 9 11 13 15 16 17 18 | 18.5
Evocations     | 1 2 4 6 7 8 9 |  9.8
Armour         | 6 9 11 14 17 18 19 20 21 22 | 22.7
Throwing       | 3 5 7 8 9 |  9.8
Dodging        | 4 6 7 8 10 11 | 11.5

Action                     |  1- 3 |  4- 6 |  7- 9 | 10-12 | 13-15 | 16-18 | 19-21 | 22-24 || total
---------------------------+-------+-------+-------+-------+-------+-------+-------+-------++-------
  Melee: Hand axe          |    27 |       |       |       |       |       |       |       ||    27
         Punch             |     1 |       |     1 |     5 |     9 |     8 |     8 |       ||    32
         Trident           |     7 |   109 |   137 |       |       |       |       |       ||   253
         Headbutt          |     4 |    16 |    38 |    67 |   162 |   162 |   164 |    97 ||   710
         War axe           |       |       |    99 |   365 |   761 |   523 |   494 |       ||  2242
         Flail             |       |       |       |       |     5 |       |       |       ||     5
         Battleaxe         |       |       |       |       |       |   192 |       |       ||   192
         Executioner's axe |       |       |       |       |       |       |    55 |   284 ||   339
   Fire: Sling             |       |    41 |    11 |       |       |       |       |       ||    52
         Orcbow            |       |       |    78 |    92 |   236 |       |       |       ||   406
         Arbalest          |       |       |       |       |   102 |   327 |   148 |   194 ||   771
         Longbow           |       |       |       |       |       |   340 |   158 |       ||   498
  Throw: Boomerang         |       |       |     4 |     8 |    33 |    23 |     6 |     4 ||    78
         Dart              |       |       |       |     1 |       |     5 |       |       ||     6
 Invoke: Berserk           |       |     3 |     7 |     7 |    10 |    17 |    13 |     8 ||    65
         Trog's Hand       |       |     2 |     7 |    19 |    42 |    14 |    32 |     8 ||   124
         Brothers in Arms  |       |       |       |       |       |       |     3 |     1 ||     4
  Evoke: Wand              |       |     4 |     3 |     5 |     5 |     9 |     6 |     1 ||    33
         Phantom mirror    |       |       |       |       |     1 |       |       |       ||     1
         Tin of tremorston |       |       |       |       |     3 |     4 |     1 |     3 ||    11
         Lightning rod     |       |       |       |       |     2 |       |       |       ||     2
    Use: Scroll            |     3 |     6 |     7 |    12 |    18 |    11 |    11 |     5 ||    73
         Potion            |       |     1 |     1 |     1 |     3 |     8 |    14 |     6 ||    34
   Stab: Invisible         |       |       |     2 |       |     2 |     1 |       |       ||     5
         Betrayed ally     |       |       |       |       |       |     1 |       |       ||     1
 Armour: Plate armour      |    16 |    61 |   127 |       |       |       |       |       ||   204
         Crystal plate arm |       |       |       |   247 |   820 |   814 |   665 |   282 ||  2828
  Dodge: Dodged            |     9 |    54 |   168 |   154 |   406 |   314 |   336 |   153 ||  1594
         Repelled          |       |       |       |       |       |    12 |       |       ||    12
  Block: Kite shield       |       |    31 |    52 |       |       |       |       |       ||    83
         Other             |       |       |       |       |       |   122 |   163 |    53 ||   338
         Reflection        |       |       |       |       |       |    15 |    28 |       ||    43

Table legend: (Time is in decaauts)
 A = Elapsed time spent in this place.
 B = Non-inter-level travel time spent in this place.
 C = Inter-level travel time spent in this place.
 D = Time resting spent in this place.
 E = Time spent auto-exploring this place.
 F = Levels seen in this place.
 G = Mean time per level.
                   A        B        C        D        E       F      G
               +--------+--------+--------+--------+--------+-----+--------+
         Total |  89628 |  85474 |   4154 |  46977 |  24757 |  46 | 1948.4 |
       Dungeon |  22061 |  20581 |   1480 |   7925 |   8923 |  15 | 1470.7 |
          Lair |   6658 |   6175 |    483 |   1675 |   3052 |   5 | 1331.6 |
         Swamp |  10364 |  10019 |    345 |   6225 |   2628 |   4 | 2591.0 |
     Snake Pit |  12102 |  11717 |    385 |   7832 |   2597 |   4 | 3025.5 |
  Orcish Mines |   6507 |   6183 |    324 |   4819 |    740 |   2 | 3253.5 |
   Elven Halls |   7663 |   7099 |    564 |   4634 |   1358 |   3 | 2554.3 |
        Vaults |   9635 |   9219 |    416 |   4183 |   3588 |   4 | 2408.8 |
         Crypt |  11347 |  11192 |    155 |   8129 |   1627 |   3 | 3782.3 |
          Tomb |    751 |    751 |      0 |    306 |      0 |   1 |  751.0 |
         Trove |     93 |     93 |      0 |      0 |      0 |   1 |   93.0 |
        Bailey |   1212 |   1212 |      0 |    730 |    142 |   1 | 1212.0 |
      Ice Cave |    619 |    619 |      0 |    100 |     85 |   1 |  619.0 |
        Wizlab |     47 |     47 |      0 |      0 |      0 |   1 |   47.0 |
      Gauntlet |    564 |    564 |      0 |    412 |     17 |   1 |  564.0 |
               +--------+--------+--------+--------+--------+-----+--------+

Top non-repeatable levels by time:
   Orc:2: 5873 daAuts
 Snake:4: 4937 daAuts
 Crypt:2: 4678 daAuts
   Elf:3: 4611 daAuts
 Crypt:1: 4512 daAuts
 Swamp:4: 4289 daAuts
    D:11: 3635 daAuts
 Snake:3: 3328 daAuts
 Swamp:2: 3106 daAuts
Vaults:2: 2859 daAuts
Vaults:3: 2642 daAuts
    D:14: 2405 daAuts
Vaults:1: 2348 daAuts
 Crypt:3: 2156 daAuts
  Lair:5: 1959 daAuts
